cohdb
Replays
Latest Replays
All Replays
Popular Replays
Top Player Replays
Match Explorer
How It Works
Community
CoH3 Stats
Reddit
Sign in to upload your games and track your stats! →
Sign in with Steam
Match 47222570
Unlisted
Match 47222570
Overview
Messages
Build Orders
End
Construct Infanterie Kompanie
Grenadier Squad
Grenadier Squad
MG 42 Machine Gun Team
Construct Panzergrenadier Kompanie
Pioneer Squad
Panzergrenadier Squad
Pak 40 Anti-tank Gun Team
Medical Bunker
Selects Mechanized Battlegroup
Panzergrenadier Squad
Selects Raid Package
Selects StuG Assault Group
StuG Assault Group
Construct Panzer Kompanie
Selects UNKNOWN (2160084)
Selects Spotting Scopes
Panther Heavy Tank
Activate the fucking Chat!!!
HiHue
Oncle-Hô
1552824318
0
0
Comments
sign in to comment!
No comments posted yet!